 Dungeon Crawl Stone Soup version 0.27.1-34-g3ba077fa99 (webtiles) character file.

Game seed: 3342995538138321778

6 Descartes the Grasshopper (level 1, -2/10 HPs)
             Began as a Spriggan Warper on Jan 9, 2022.
             Frozen to death by an endoplasm (4 damage)
             ... on level 1 of the Dungeon.
             The game lasted 00:01:28 (936 turns).

Descartes the Grasshopper (Spriggan Warper)          Turns: 936, Time: 00:01:28

Health: -2/10      AC:  2    Str:  7    XL:     1   Next: 75%
Magic:  5/5        EV: 17    Int: 14    God:
Gold:   0          SH:  0    Dex: 14    Spells: 5/5 levels left

rFire    . . .     SeeInvis +   a - +0 short sword
rCold    . . .     Faith    .   (shield restricted)
rNeg     . . .     Spirit   .   b - +0 robe
rPois    .         Reflect  .   (helmet restricted)
rElec    .         Harm     .   (no cloak)
rCorr    .         Rampage  .   (gloves unavailable)
Will     .....                  (boots unavailable)
Stlth    ++........             (no amulet)
HPRegen  0.03/turn              (no ring)
MPRegen  0.09/turn              (no ring)

@: very quick
A: very small, no large weapons, unfitting armour, see invisible, speed 3
a: no special abilities


You were on level 1 of the Dungeon.
You visited 1 branch of the dungeon, and saw 1 of its levels.

Inventory:

Hand Weapons
 a - a +0 short sword (weapon)
Missiles
 d - 5 boomerangs of dispersal (quivered)
 e - 22 sling bullets
 f - 23 stones
Armour
 b - a +0 robe (worn)
Scrolls
 c - a scroll of blinking
 g - a scroll of holy word {unknown}
 h - a scroll of silence {unknown}


   Skills:
 + Level 1.6 Fighting
 * Level 2.3 Short Blades
 - Level 1.0 Throwing
 * Level 3.3 Dodging
 * Level 0.8 Stealth
 + Level 2.7 Spellcasting
 * Level 4.5 Translocations


You had 5 spell levels left.
You didn't know any spells.
Your spell library contained the following spells:

 Spells                   Type           Power      Damage    Failure   Level
 Blink                    Tloc           N/A        N/A       5%          2
 Gell's Gravitas          Tloc           7%         N/A       11%         3
 Lesser Beckoning         Tloc           7%         N/A       11%         3
 Teleport Other           Tloc           14%        N/A       11%         3
 Manifold Assault         Tloc           14%        N/A       67%         5


Dungeon Overview and Level Annotations

Branches:
Dungeon (1/15)

Altars:


Innate Abilities, Weirdness & Mutations

You are very small and have problems with some larger weapons.
You are too small for most types of armour.
You have supernaturally acute eyesight. (SInv)
You cover ground extremely quickly. (Speed+++)


Message History

No target in view!
No target in view!
No target in view!
No target in view!
No target in view!
No target in view!
No target in view!
No target in view!
f - 23 stones (gained 16)
The ball python hisses angrily.
An endoplasm comes into view.
The ball python completely misses you. The ball python grabs you.
The ball python constricts you.
You closely miss the ball python.
The endoplasm quivers.
The ball python barely misses you. The ball python constricts you.
You hit the ball python but do no damage.
The ball python completely misses you. The ball python constricts you.
You closely miss the ball python. The ball python closely misses you.
The ball python constricts you.
You closely miss the ball python. The ball python closely misses you.
The ball python constricts you.
You barely miss the ball python. The ball python barely misses you.
The ball python constricts you. The endoplasm freezes you.
You are frozen.
The ball python bites you but does no damage.
The ball python constricts you.
You completely miss the ball python. The endoplasm hits you.
The ball python bites you.
* * * LOW HITPOINT WARNING * * *
The ball python constricts you.
* * * LOW HITPOINT WARNING * * *
You are too injured to fight recklessly!
You are too injured to fight recklessly!
You are too injured to fight recklessly!
You escape the ball python's grasp.
The endoplasm freezes you.
You are frozen.
You die...

........#.######
....##...## .# ##..##...#
##.## . .##......# #...
.. #.#'.....# #.. ...
##.##....# ##.###..#
.##.#....# #.......#
#.#.#....#######.JS....#
#.#.#...........@.##.#.
#.#≈#....................
#.#^#.............#..#.##
#.#.#....#######..#.##
.##.#..).# #..... ##
#....# ##..... #.##.....#
###.... .##..#...# #.#.#
##..##...# .#


You could see an endoplasm and a ball python.

Vanquished Creatures
  An endoplasm (D:1)
  A giant cockroach (D:1)
  A hobgoblin (D:1)
  A ball python (D:1)
  A frilled lizard (D:1)
  A kobold (D:1)
6 creatures vanquished.

Notes
Turn   | Place    | Note
-------+----------+-------------------------------------------
     0 | D:1      | Descartes the Spriggan Warper began the quest for the Orb.
     0 | D:1      | Reached XP level 1. HP: 10/10 MP: 5/5
   936 | D:1      | Frozen to death by an endoplasm

Illustrated notes

Levels and vault maps discovered:
D:1:      evilmike_arrival_rings, layout_loops_cross

Action                   || total
-------------------------++-------
Melee: Short sword       ||    39
Armor: Robe              ||     2
Dodge: Dodged            ||    35
